 Dungeon Crawl Stone Soup version 0.19-a0-1278-gf052eaa (webtiles) character file.

2348 Sixotanaka the Frost Mage (level 9, -7/57 HPs)
             Began as a Vampire Summoner on Aug 28, 2016.
             Was a Believer of Sif Muna.
             Mangled by a fire bat (9 damage)
             ... in a volcano on Aug 29, 2016.
             The game lasted 00:27:23 (11587 turns).

Sixotanaka the Frost Mage (Vampire Summoner)       Turns: 11587, Time: 00:27:24

Health: -7/57      AC:  4    Str:  7    XL:     9   Next: 20%
Magic:  9/12       EV: 12    Int: 21    God:    Sif Muna [**....]
Gold:   268        SH:  0    Dex: 14    Spells: 3 memorised, 4 levels left

rFire  . . .     SeeInvis +     e - +2 spear (venom)
rCold  + . .     Gourm    .     D - +0 leather armour
rNeg   + + .     Faith    .     (no shield)
rPois  +         Spirit   .     k - +1 hat
rElec  .         Dismiss  .     (no cloak)
rCorr  .         Reflect  .     (no gloves)
MR     .....     Harm     .     (no boots)
Stlth  ++........               (no amulet)
                                (no ring)
                                m - ring of wizardry

@: regenerating slowly
A: fangs 3, see invisible, unbreathing
a: Bat Form, Divine Energy, Renounce Religion


You were in a volcano.
You worshipped Sif Muna.
Sif Muna was pleased with you.
You were very thirsty.

You visited 3 branches of the dungeon, and saw 11 of its levels.
You also visited: Volcano.

You collected 468 gold pieces.
You spent 200 gold pieces at shops.


Innate Abilities, Weirdness & Mutations

You heal slowly.
You have razor-sharp teeth.
You have supernaturally acute eyesight. (SInv)
You can survive without breathing.


   Skills:
 - Level 2.1 Dodging
 - Level 3.0 Stealth
 - Level 2.0 Spellcasting
 - Level 8.1 Summonings
 + Level 10.1 Ice Magic


You had 4 spell levels left.
You knew the following spells:

 Your Spells              Type           Power        Failure   Level  Hunger
a - Summon Small Mammal   Summ           ####         1%          1    #......
b - Call Canine Familiar  Summ           #####...     1%          3    ###....
c - Summon Ice Beast      Ice/Summ       #####...     2%          4    #####..


Dungeon Overview and Level Annotations

Branches:
Dungeon (9/15)             Temple (1/1) D:7            Lair (1/6) D:8
    Orc: D:9-12

Altars:
Cheibriados
Gozag
Hepliaklqana
Nemelex Xobeh
Okawaru
Qazlal
Sif Muna
Vehumet
Xom
Yredelemnul
The Shining One

Shops:
D:4 *   D:7 ?

Annotations:
D:9 Ryco's ghost, novice DsBe

Inventory:

Hand Weapons
 e - a +2 spear of venom (weapon)
   (You took it off a gnoll on level 2 of the Dungeon)
Missiles
 f - 35 poisoned needles
Armour
 k - a +1 hat (worn)
   (You found it on level 1 of the Dungeon)
 D - a +0 leather armour (worn)
   (You took it off an orc on level 6 of the Dungeon)
Rods
 I - a +1 rod of ignition (10/10) {!a}
   (You found it on level 8 of the Dungeon)
Jewellery
 m - a ring of wizardry (left hand)
   (You found it on level 5 of the Dungeon)
Wands
 j - a wand of random effects (14/48)
   (You found it on level 5 of the Dungeon)
 t - a wand of acid (10/15)
   (You found it on level 3 of the Dungeon)
 C - a wand of lightning (8/15)
   (You found it on level 6 of the Dungeon)
 E - a wand of digging (10/24)
   (You took it off an orc on level 6 of the Dungeon)
 G - a wand of iceblast (5/15)
   (You found it on level 7 of the Dungeon)
Scrolls
 a - a scroll of remove curse {@r2}
 o - a scroll of random uselessness
 p - 5 scrolls of teleportation {@r4}
 r - 2 scrolls of blinking
 u - a scroll of noise {unknown}
 w - 4 scrolls of enchant armour
 x - a scroll of magic mapping
 y - a scroll of fog {unknown}
 B - a scroll of immolation {unknown}
 F - 2 scrolls of fear {unknown}
 J - a scroll of recharging {unknown}
Potions
 c - 6 potions of blood {@q0}
 d - 3 potions of lignification {unknown}
 g - 3 potions of heal wounds {@q2}
 h - 2 potions of brilliance {unknown}
 i - 3 potions of curing {@q1}
 l - a potion of invisibility {unknown}
 n - 2 potions of resistance {unknown}
 q - 2 potions of ambrosia {unknown}
 s - a potion of cancellation {unknown}
 v - a potion of flight {unknown}
 z - a potion of degeneration {unknown}
 H - 2 potions of might {unknown}
 K - a potion of mutation {unknown}
Books
 A - a book of Ice
   (You found it on level 5 of the Dungeon)

≈,≈≈≈≈≈≈≈§≈≈§≈§≈≈≈§....,*
,,≈≈≈≈≈≈≈§≈§≈§≈§≈≈...#***
,,,≈≈≈≈≈≈§§≈≈≈§§≈...#*
,,,≈≈≈≈≈≈≈,..§≈§§..#*
*,,,,≈≈≈≈,,*##.§..#*
*,,,,≈,≈,*##∩###.Y#
***,,,,,###....##b#
*,,,,,##.....###b#
*,,,,*#.##∩###.@##
**,,**##.###..### ****
##.#.### #...# #####


You could see 2 fire bats and a friendly ice beast.


Message History

The lava snake spits lava at you. The glob of lava hits you!
You hear an angry hiss.
A chill wind blows around you. The lava snake spits lava at you.
The glob of lava hits your ice beast.
Your ice beast melts!
Your ice beast closely misses the lava snake.
Your ice beast hits the lava snake.
Your ice beast freezes the lava snake!
The lava snake is frozen!
The lava snake dies!
Sif Muna accepts your kill. The glob of lava misses your ice beast.
A glob of lava appears from out of your range of vision.
You start resting.
Your ice beast disappears in a puff of smoke!
Two of your 8 potions of blood {@q0} rot away.
You start resting.
Your ice beast disappears in a puff of smoke!
The air gets thick with the scent of sulphur.
In the distance, the volcano erupts with a roar.
A chill wind blows around you.
The lava snake hisses angrily.
The lava snake spits lava at you. The glob of lava misses your ice beast.
The glob of lava hits you!
Your ice beast completely misses the lava snake.
A fire bat comes into view.
The lava snake bites your ice beast but does no damage.
Your ice beast hits the lava snake.
Your ice beast freezes the lava snake!!
The lava snake is frozen!
The lava snake dies!
Sif Muna accepts your kill.
You hit the fire bat.
The fire bat is poisoned.
The fire bat bites you.
You are engulfed in flames!
* * * LOW HITPOINT WARNING * * *
A fire bat comes into view.
The fire bat bites you.
* * * LOW HITPOINT WARNING * * *
You are engulfed in flames.
* * * LOW HITPOINT WARNING * * *
The fire bat bites you but does no damage.
Your ice beast misses the fire bat.
The fire bat bites you.
* * * LOW HITPOINT WARNING * * *
You are engulfed in flames!
* * * LOW HITPOINT WARNING * * *
You feel better. The fire bat bites you.
* * * LOW HITPOINT WARNING * * *
You are engulfed in flames!
You die...

Vault maps used:
D:1:      dpeg_arrival_houses_and_road
D:2:      grunt_temple_overflow_opulence, lemuel_round_altar, okawaru_gym_becter
D:3:      tso_altar
D:4:      serial_shops, nicolae_shop_crystal, wad_floor_pattern_untrapped,
          grunt_decor_clamped
D:5:      xom_butterflies, first_bread, grunt_ministairs_12, st_stairs_13
D:6:      uniq_menkaure
D:7:      serial_shops, nicolae_shop_window_shopping
D:8:      lair_0_dummy, basic_altar
D:9:      minmay_blocky_corners, orc_0_dummy, grunt_pizzeria
Temple:   eino_temple_scatter_basement
Lair:1:   nicolae_volcano_entry_lava_flow, portal_ice_cave_entry_pillars_1
Volcano:  volcano_grotto

Vanquished Creatures
  An orc warrior (D:8)
  5 sky beasts
  A phantom (D:3)
  An ice beast (D:5)
  A centaur (D:9)
  A giant frog (D:9)
  2 scorpions
  A crimson imp (D:5)
  A quasit (D:7)
  A hound (D:9)
  3 orc priests
  An iguana (D:5)
  An orc wizard (D:3)
  2 worker ants
  2 adders
  4 gnolls
  An adder skeleton (D:5)
  A worm (D:4)
  2 giant geckos
  An orc (D:5)
  3 giant cockroaches
  7 goblins
  2 hobgoblins
  2 jackals (D:1)
  3 kobolds
  2 quokkas
  A giant gecko skeleton (D:4)
  A giant gecko zombie (D:6)
  4 giant newts
  A quokka skeleton (D:4)
  8 rats
67 creatures vanquished.

Vanquished Creatures (collateral kills)
  A spriggan (D:9)
  Menkaure (D:6)
  2 eyes of draining
  An orc warrior (D:6)
  4 centaurs
  2 giant frogs
  A scorpion (D:7)
  A water moccasin skeleton (D:7)
  3 killer bees (D:8)
  3 howler monkeys (D:8)
  4 crimson imps
  2 lava snakes (Volcano)
  A centaur skeleton (D:8)
  3 hounds
  3 orc priests
  2 giant frog zombies
  5 orc wizards
  A wasp zombie (D:9)
  3 iguanas
  4 worker ants
  A hound zombie (D:6)
  A worker ant zombie (D:6)
  5 adders
  17 gnolls
  A shadow imp (D:5)
  An ooze (D:4)
  A dart slug (D:4)
  3 giant geckos
  19 orcs
  2 giant cockroaches
  3 hobgoblins (D:2)
  3 jackals (D:1)
  2 quokkas
  A ball python (D:1)
  2 bats
  A giant gecko zombie (D:7)
  2 giant newts
  5 kobolds
  A quokka zombie (D:6)
  3 rats
  2 butterflies (D:5)
123 creatures vanquished.

Grand Total: 190 creatures vanquished

Table legend:
 A = Turns spent in this place as a percentage of turns spent in the entire game.
 B = Non-inter-level travel turns spent in this place as a percentage of non-inter-level travel turns spent in the entire game.
 C = Inter-level travel turns spent in this place as a percentage of turns spent in this place.
 D = Turns resting spent in this place as a percentage of non-inter-level travel turns spent in this place.
 E = Turns spent auto-exploring this place as a percentage of non-inter-level travel turns spent in this place.
 F = Non-inter-level travel turns spent in this place divided by the number of levels of this place that you've seen.
                   A       B       C       D       E      F
               +-------+-------+-------+-------+-------+----------------------
         Total | 100.0 | 100.0 |   0.6 |   6.4 |  11.6 | 236.5
       Dungeon |  96.7 |  96.8 |   0.6 |   6.3 |  11.9 | 305.2
        Temple |   0.7 |   0.7 |   9.5 |  15.8 |   5.3 |  19.0
          Lair |   0.9 |   0.9 |   0.0 |   7.7 |   0.0 |  26.0
       Volcano |   1.6 |   1.6 |   0.0 |   6.5 |   0.0 |  46.0
               +-------+-------+-------+-------+-------+----------------------

Table legend:
 A = Kills in this place as a percentage of kills in entire the game.
 B = Kills by you in this place as a percentage of kills by you in the entire game.
 C = Kills by friends in this place as a percentage of kills by friends in the entire game.
 D = Other kills in this place as a percentage of other kills in the entire game.
 E = Experience gained in this place as a percentage of experience gained in the entire game.
 F = Experience gained in this place divided by the number of levels of this place that you have seen.
                   A       B       C       D       E      F
               +-------+-------+-------+-------+-------+----------------------
         Total | 100.0 | 100.0 | 100.0 |  -nan | 100.0 | 279.6
       Dungeon |  98.9 | 100.0 |  98.3 |  -nan |  98.6 | 367.6
       Volcano |   1.1 |   0.0 |   1.7 |  -nan |   1.4 |  47.0
               +-------+-------+-------+-------+-------+----------------------

Notes
Turn   | Place    | Note
-------+----------+-------------------------------------------
     0 | D:1      | Sixotanaka the Vampire Summoner began the quest for the Orb.
     0 | D:1      | Reached XP level 1. HP: 13/13 MP: 3/3
   117 | D:1      | Reached XP level 2. HP: 15/19 MP: 1/5
   741 | D:2      | Found a sparkling altar of Nemelex Xobeh.
   742 | D:2      | Found an opulent altar of Gozag.
   855 | D:2      | Reached skill level 5 in Summonings
   889 | D:2      | Reached XP level 3. HP: 24/24 MP: 4/6
   897 | D:2      | Learned a level 3 spell: Call Canine Familiar
  1291 | D:2      | Found a radiant altar of Vehumet.
  1450 | D:2      | Reached XP level 4. HP: 30/30 MP: 5/7
  1463 | D:2      | Found an iron altar of Okawaru.
  1607 | D:2      | Reached skill level 6 in Summonings
  2201 | D:3      | Reached XP level 5. HP: 35/35 MP: 3/8
  2265 | D:3      | Found a glowing golden altar of the Shining One.
  2410 | D:3      | Noticed a phantom
  2508 | D:3      | Killed a phantom
  2706 | D:3      | Reached skill level 7 in Summonings
  3206 | D:4      | Found Ruimumad's General Store.
  3220 | D:4      | Bought a potion of heal wounds for 55 gold pieces
  3220 | D:4      | Bought a scroll of teleportation for 33 gold pieces
  3418 | D:4      | Reached XP level 6. HP: 41/41 MP: 9/9
  3884 | D:5      | Entered Level 5 of the Dungeon
  4058 | D:5      | Learned a level 4 spell: Summon Ice Beast
  4355 | D:5      | Found a shimmering altar of Xom.
  4380 | D:5      | Noticed an ice beast
  4401 | D:5      | Killed an ice beast
  4401 | D:5      | Reached skill level 8 in Summonings
  4605 | D:5      | Reached skill level 1 in Ice Magic
  4615 | D:5      | Reached skill level 2 in Ice Magic
  4615 | D:5      | Reached XP level 7. HP: 44/46 MP: 10/10
  5273 | D:6      | Reached skill level 3 in Ice Magic
  5456 | D:6      | Noticed Menkaure
  5470 | D:6      | Reached skill level 4 in Ice Magic
  5473 | D:6      | Killed Menkaure
  5482 | D:6      | HP: 10/46 [worker ant zombie (3)]
  5904 | D:6      | Reached skill level 5 in Ice Magic
  6758 | D:6      | Reached XP level 8. HP: 52/52 MP: 7/11
  6858 | D:7      | Found a staircase to the Ecumenical Temple.
  6864 | D:7      | Reached skill level 6 in Ice Magic
  6915 | Temple   | Entered the Ecumenical Temple
  7095 | Temple   | zzxc: noo
  7095 | Temple   | Sixotanaka: ;)
  7095 | Temple   | zzxc: y u wan ded
  7095 | Temple   | Sixotanaka: i
  7095 | Temple   | Sixotanaka: i'm not
  7095 | Temple   | Sixotanaka: i just figured if i moved here you'd say something
  7095 | Temple   | zzxc: lol
  7095 | Temple   | zzxc: kiku and sif are interesting
  7095 | Temple   | Sixotanaka: sif probs
  7109 | Temple   | Became a worshipper of Sif Muna the Loreminder
  7122 | Temple   | zzxc: have you done pure summon before
  7124 | D:7      | Sixotanaka: no
  7124 | D:7      | Sixotanaka: i have ice tho
  7124 | D:7      | zzxc: sif a bit sucky until you get more books
  7168 | D:7      | zzxc: nice god later for this
  7444 | D:7      | Found Fear's Magic Scroll Shoppe.
  7507 | D:7      | zzxc: you found the library of alexandria
  7507 | D:7      | Upgraded the game from 0.19-a0-1260-gc94d3f7 to 0.19-a0-1261-g420a265
  7507 | D:7      | Bought a scroll of blinking for 112 gold pieces
  7877 | D:8      | Found a glowing golden altar of the Shining One.
  7914 | D:8      | HP: 13/52 [killer bee (2)]
  7919 | D:8      | Reached skill level 7 in Ice Magic
  7926 | D:8      | HP: 13/52 [killer bee (3)]
  8604 | D:8      | Reached * piety under Sif Muna
  8618 | D:8      | Reached skill level 8 in Ice Magic
  9327 | D:8      | Found a staircase to the Lair.
  9705 | D:8      | Upgraded the game from 0.19-a0-1261-g420a265 to 0.19-a0-1278-gf052eaa
  9766 | D:9      | Reached skill level 9 in Ice Magic
  9768 | D:9      | Noticed Ryco's ghost (novice DsBe)
 10396 | D:9      | Reached XP level 9. HP: 46/57 MP: 7/12
 10496 | D:9      | HP: 13/57 [orc wizard/magic dart (6)]
 11167 | D:9      | Reached ** piety under Sif Muna
 11234 | D:9      | Reached skill level 10 in Ice Magic
 11314 | D:9      | Identified a +1 rod of ignition (10/10) (You found it on level 8 of the Dungeon)
 11365 | D:9      | Noticed a five-headed hydra
 11366 | D:9      | Noticed a red ugly thing
 11366 | D:9      | Noticed a guardian serpent
 11444 | Lair:1   | Entered Level 1 of the Lair of Beasts
 11444 | Lair:1   | Noticed a seven-headed hydra
 11450 | Lair:1   | Found a dark tunnel.
 11461 | Lair:1   | Noticed a komodo dragon
 11496 | Volcano  | Entered a volcano
 11584 | Volcano  | HP: 13/57 [fire bat (6)]
 11586 | Volcano  | HP: 1/57 [fire bat (8)]
 11587 | Volcano  | Mangled by a fire bat

Action                   |  1- 3 |  4- 6 |  7- 9 || total
-------------------------+-------+-------+-------++-------
Melee: Dagger            |    55 |       |       ||    55
       Bite              |     5 |     8 |     5 ||    18
       Unarmed           |     2 |       |       ||     2
       Spear             |     1 |   102 |   139 ||   242
 Cast: Summon Small Mamm |    31 |    22 |       ||    53
       Call Canine Famil |     6 |    29 |     9 ||    44
       Summon Ice Beast  |       |       |    65 ||    65
  Use: Potion            |     1 |     8 |    22 ||    31
       Scroll            |       |     6 |     1 ||     7
 Stab: Sleeping          |     5 |     6 |     1 ||    12
       Distracted        |       |     3 |     3 ||     6
Armor: Robe              |    15 |     7 |     3 ||    25
       Leather armour    |       |       |    23 ||    23
Dodge: Dodged            |    42 |    35 |    81 ||   158
